 Dungeon Crawl Stone Soup version 0.31-a0-408-gb642c7f9a3 (webtiles) character file.

Game seed: 13248379303874482179

1496 LeprechaunX the Ruffian (level 8, -2/48 HPs)
             Began as an Octopode Shapeshifter on July 30, 2023.
             Was a Follower of Hepliaklqana.
             Slain by a wolf (8 damage)
             ... on level 6 of the Dungeon.
             The game lasted 00:08:54 (5550 turns).

LeprechaunX the Ruffian (Octopode Shapeshifter)     Turns: 5550, Time: 00:08:55

Health: -2/48      AC:  1    Str: 17    XL:     8   Next: 81%
Magic:  8/8        EV: 13    Int: 16    God:    Hepliaklqana [*.....]
Gold:   351        SH:  0    Dex: 12    Spells: 7/7 levels left

rFire   . . .        r - +0 battleaxe "Narabrue" {spect, Will+}
rCold   . . .        (shield currently unavailable)
rNeg    . . .        (helmet currently unavailable)
rPois   .            (no amulet)
rElec   .            h - ring of flight
rCorr   .            u - +6 ring of intelligence
SInv    .            (no ring)
Will    +....        (no ring)
Stlth   ++           (no ring)
HPRegen 0.28/turn    (no ring)
MPRegen 0.11/turn    (no ring)
                     (no ring)

%: no passive effects
@: beast-form, flying
A: beast (slay +3), reduced essence, almost no armour, amphibious, 8 rings,
camouflage 1, gelatinous body 1, (nimble swimmer 1), tentacles
a: Begin Untransformation, Renounce Religion, Recall Ancestor, Ancestor Identity


You were on level 6 of the Dungeon.
You worshipped Hepliaklqana.
Hepliaklqana was aware of your devotion.
You were a hulking beast.
You visited 2 branches of the dungeon, and saw 7 of its levels.
You also visited: Ossuary.

You collected 351 gold pieces.

Inventory:

Hand Weapons
 r - the +0 battleaxe "Narabrue" (weapon) {spect, Will+}
   (You found it on level 3 of the Dungeon)

   Will:      It increases your willpower.
Missiles
 p - 2 curare-tipped darts (quivered)
Armour
 c - a +0 buckler
Jewellery
 h - a ring of flight (left tentacle)
 u - a +6 ring of intelligence (right tentacle)
Talismans
 b - a beast talisman
Wands
 a - a wand of flame (57)
 o - a wand of paralysis (3)
Scrolls
 e - 2 scrolls of silence {unknown}
 f - a scroll of butterflies {unknown}
 g - 2 scrolls of immolation {unknown}
 i - a scroll of brand weapon {unknown}
 j - 3 scrolls of noise {unknown}
 k - a scroll of fear {unknown}
 m - a scroll of enchant weapon {unknown}
 n - a scroll of fog {unknown}
 v - 6 scrolls of identify {unknown}
 y - 2 scrolls of teleportation {unknown}
 z - a scroll of blinking {unknown}
 A - 2 scrolls of amnesia {unknown}
 B - a scroll of revelation {unknown}
Potions
 d - 3 potions of degeneration {unknown}
 l - 2 potions of enlightenment {unknown}
 q - a potion of cancellation {unknown}
 s - a potion of might {unknown}
 t - 3 potions of curing {unknown}
 w - 3 potions of brilliance {unknown}
 x - a potion of invisibility {unknown}


   Skills:
 - Level 4.0 Fighting
 + Level 3.6 Axes
 - Level 3.0 Dodging
 * Level 7.7 Unarmed Combat
 + Level 5.2 Shapeshifting


You had 7 spell levels left.
You didn't know any spells.
Your spell library contained the following spells:

 Spells                   Type           Power      Damage    Failure   Level
 Shock                    Conj/Air       0%         1d3       26%         1
 Ensorcelled Hibernation  Hex/Ice        0%         N/A       36%         2
 Passwall                 Tmut/Erth      0%         N/A       36%         2
 Scorch                   Fire           0%         2d5       36%         2
 Ozocubu's Armour         Ice            0%         N/A       58%         3
 Summon Guardian Golem    Hex/Summ       0%         N/A       58%         3
 Swiftness                Air            0%         N/A       58%         3
 Tukima's Dance           Hex            0%         N/A       58%         3
 Airstrike                Air            0%         2d(0-16)  94%         4
 Flame Wave               Conj/Fire      0%         2d4       94%         4
 Passage of Golubria      Tloc           0%         N/A       94%         4
 Yara's Violent Unravell  Hex/Tmut       0%         3d3       100%        5
 Summon Cactus Giant      Summ           0%         N/A       100%        6
 Orb of Destruction       Conj           0%         9d5       100%        7
 Ozocubu's Refrigeration  Ice            0%         4d7       100%        7
 Spellforged Servitor     Conj/Summ      0%         N/A       100%        7


Dungeon Overview and Level Annotations

Branches:
Dungeon (6/15)             Temple (1/1) D:4         Ossuary (visited)

Altars:
Ashenzari
Dithmenos
Elyvilon
Fedhas
Hepliaklqana
Kikubaaqudgha
Makhleb
Okawaru
Qazlal
Ru
Sif Muna
Trog
Uskayaw
Vehumet
Wu Jian
Xom
Yredelemnul
Zin

Shops:
D:4 *

Annotations:
D:6 Pikel


Innate Abilities, Weirdness & Mutations

You are a hulking beast.
Your limbs bulge with bestial killing power. (Slay +3)
Your life essence is reduced to manifest your ancestor. (-10% HP)
You cannot wear most types of armour.
You are amphibious.
You can wear up to eight rings at the same time.
Your skin changes colour to match your surroundings (Stealth+).
Your rubbery body absorbs attacks. (AC +1, EV +1)
((You are camouflaged when in or above water. (Stealth+)))
You have tentacles for arms and can constrict up to eight enemies at once.


Message History

The gnoll sergeant misses you.
You hit the gnoll sergeant. Your grab misses the gnoll sergeant.
The gnoll sergeant is heavily wounded.
Your +0 battleaxe "Narabrue" {spect, Will+} hits the gnoll sergeant.
The gnoll sergeant hits you with a +0 spear.
You slash the gnoll sergeant! You grab the gnoll sergeant.
You squeeze the gnoll sergeant.
You kill the gnoll sergeant!
Your +0 battleaxe "Narabrue" {spect, Will+} disappears.
You start resting.
A wolf is nearby!
p - 2 curare-tipped darts (gained 1)
Things that are here:
a +0 spear; a +0 ring mail; a gnoll corpse You start resting.
Namzu emerges from the mists of memory!
You start resting.
A hound comes into view.
A gnoll sergeant comes into view. It is wielding a +0 trident.
The gnoll sergeant shouts!
The hound bites you. The hound barely misses you.
Namzu barely misses the hound.
You slash the hound!
You kill the hound!
You slash the ogre!
The ogre is severely wounded.
Your +0 battleaxe "Narabrue" {spect, Will+} barely misses the ogre.
Namzu hits the ogre.
The ogre hits you with a +0 giant club!!
Namzu hits the ogre.
You slash the ogre!
You kill the ogre!
Your +0 battleaxe "Narabrue" {spect, Will+} disappears.
The gnoll sergeant hits you from afar with a +0 trident!
* * * LOW HITPOINT WARNING * * *
Unknown command.
The wolf bites Namzu.
Namzu barely misses the wolf.
Namzu hits the wolf but does no damage.
The wolf barely misses you.
Namzu hits the wolf.
The wolf bites you!
You die...

###....##.......####
#.....##..(......#.#
#.................#
#....##......#....#
###.....##...##...# .
##.....(####..##.>.#....
##.......# ##.............
##........###.<..###.#.....
#....).....h....## #.#.###(
##(.##..g.h#.........# #
#..)##...R....##.....#
#........##...## .....#
#.......##....# .....#
#........#...... .....#
#.....##.....##... ....#
#......#[.....# ......
#...............#.....


You could see the friendly Namzu the ancestor, a gnoll sergeant and a wolf (ally
target).

Vanquished Creatures
  Sigmund (D:5)
  Edmund (D:4)
  2 ice beasts
  A black bear (D:4)
  2 ogres
  A phantom (D:5)
  2 lemures (D:6)
  A gnoll sergeant (D:6)
  A vampire bat (D:4)
  5 hounds
  2 iguanas
  An orc wizard (D:4)
  A mummy (Ossuary)
  5 gnolls (D:6)
  4 adders
  2 ufetubi (D:5)
  2 worms
  4 dart slugs
  10 orcs
  3 spectral bats (Ossuary)
  8 ball pythons
  4 bats
  2 bat skeletons (D:4)
  3 bat zombies (D:4)
  3 endoplasms
  3 giant cockroaches
  5 goblins
  5 hobgoblins
  9 jackals
  4 quokkas (D:1)
  2 bat simulacra (Ossuary)
  3 frilled lizards
  12 gnoll zombies (Ossuary)
  5 goblin simulacra (Ossuary)
  2 goblin zombies (Ossuary)
  6 hobgoblin zombies (Ossuary)
  5 kobolds
  5 kobold simulacra (Ossuary)
  3 kobold zombies (Ossuary)
  7 orc zombies (Ossuary)
  12 rats
  4 rat simulacra (Ossuary)
  4 spectral goblins (Ossuary)
  A spectral kobold (Ossuary)
  3 spectral rats (Ossuary)
171 creatures vanquished.

Vanquished Creatures (collateral kills)
  A water moccasin (D:6)
1 creature vanquished.

Vanquished Creatures (others)
  An ancestor (D:6)
1 creature vanquished.

Grand Total: 173 creatures vanquished

Notes
Turn   | Place    | Note
-------+----------+-------------------------------------------
     0 | D:1      | LeprechaunX the Octopode Shapeshifter began the quest for
                  | the Orb.
     0 | D:1      | Reached XP level 1. HP: 13/13 MP: 1/1
   161 | D:1      | Reached XP level 2. HP: 18/18 MP: 2/2
   385 | D:1      | Reached XP level 3. HP: 23/23 MP: 3/3
  1183 | D:2      | Found an iron altar of Okawaru.
  1461 | D:3      | Reached XP level 4. HP: 25/29 MP: 4/4
  1703 | D:3      | Noticed an ice beast
  1720 | D:3      | Killed an ice beast
  1721 | D:3      | Reached skill level 4 in Unarmed Combat
  1721 | D:3      | Reached XP level 5. HP: 9/35 MP: 5/5
  1974 | D:3      | Found a faded altar of an unknown god.
  2097 | D:3      | Found a broken altar of Ashenzari.
  2251 | D:3      | Identified the +0 battleaxe "Narabrue" {spect, Will+}
  2371 | D:3      | Found a white marble altar of Elyvilon.
  2371 | D:3      | Found a shimmering altar of Xom.
  2497 | D:4      | Noticed Edmund
  2739 | D:4      | Killed Edmund
  2740 | D:4      | Reached skill level 5 in Unarmed Combat
  2740 | D:4      | Reached XP level 6. HP: 16/41 MP: 6/6
  2868 | D:4      | Noticed a black bear
  2876 | D:4      | Killed a black bear
  3114 | D:4      | Identified the +2 leather armour of Cowardice {rElec rPois
                  | rC+++ Str-5}
  3120 | D:4      | Reached XP level 7. HP: 46/46 MP: 7/7
  3155 | D:4      | Found a stormy altar of Qazlal.
  3236 | D:4      | Found an ancient bone altar of Kikubaaqudgha.
  3425 | D:4      | Found a transporter.
  3425 | D:4      | Found Bylehuq's Assorted Antiques.
  3471 | D:4      | Found a staircase to the Ecumenical Temple.
  3594 | Temple   | Entered the Ecumenical Temple
  3602 | Temple   | Became a worshipper of Hepliaklqana the Forgotten
  3727 | D:4      | Found a transporter.
  3869 | D:5      | Entered Level 5 of the Dungeon
  3873 | D:5      | Reached skill level 1 in Axes
  4023 | D:5      | Found a sand-covered staircase.
  4028 | Ossuary  | Entered an ossuary
  4112 | Ossuary  | Reached skill level 6 in Unarmed Combat
  4516 | D:5      | Reached XP level 8. HP: 54/54 MP: 8/8
  4696 | D:5      | Noticed Sigmund
  4708 | D:5      | Killed Sigmund
  4909 | D:5      | Found an ornate altar of the Wu Jian Council.
  5121 | D:6      | Reached skill level 7 in Unarmed Combat
  5126 | D:6      | Noticed Pikel
  5271 | D:6      | Reached * piety under Hepliaklqana
  5446 | D:6      | Reached skill level 5 in Shapeshifting
  5550 | D:6      | Slain by a wolf

Illustrated notes

Levels and vault maps discovered:
D:1:      psy_arrival_heroes, layout_basic, minmay_misc_feat_ornament,
          kennysheep_pointless_box, minmay_tetromino_s4
D:2:      layout_loops_ring, basic_altar
D:3:      layout_basic, nicolae_overflow_crystal_walls,
          gammafunk_temple_overflow_statue,
          dreamdust_ecumenical_altar_hidden_monk_grotto,
          minmay_fractal_squares_gapless_5
D:4:      layout_loops_corners, nicolae_qazlal_general_emergency,
          kennysheep_vampire_church, minmay_temple_entry_offerings,
          serial_shops, nicolae_shop_drivethru, uniq_edmund
D:5:      nicolae_cairo_tiling, layout_cave_pools,
          mainiacjoe_overflow_boulevard, lightli_ossuary_entry_decrepit_ruins,
          chequers_serial_rivers_small_b, uniq_sigmund
D:6:      minmay_recursive_quarters, layout_cave_pools, serial_gnoll_camp,
          gnoll_camp_huts_basic, gnoll_camp_mini_doghouse, gnoll_camp_medium_02,
          gnoll_camp_mini_shop, uniq_pikel
Temple:   nicolae_temple_bog_church

Skill      XL: |  1  2  3  4  5  6  7  8 |
---------------+-------------------------+-----
Fighting       | 2 3 4 |  4.0
Dodging        | 3 |  3.0
Unarmed Combat | 4 5 6 7 |  7.7
Shapeshifting  | 4 5 |  5.2
Axes           | 2 3 |  3.6

Action                     |  1- 3 |  4- 6 |  7- 9 || total
---------------------------+-------+-------+-------++-------
  Melee: Unarmed           |    70 |    31 |       ||   101
         Constrict         |    17 |    13 |    34 ||    64
         Tentacles         |     5 |    10 |    25 ||    40
         Punch             |     2 |       |     6 ||     8
         Battleaxe         |       |    21 |   114 ||   135
  Throw: Dart              |       |     9 |     2 ||    11
    Use: Potion            |       |     1 |       ||     1
   Stab: Sleeping          |     6 |     2 |     5 ||    13
         Distracted        |     1 |       |     3 ||     4
 Armour: Skin              |     4 |     8 |    16 ||    28
  Dodge: Dodged            |    41 |    14 |    94 ||   149

Table legend: (Time is in decaauts)
 A = Elapsed time spent in this place.
 B = Non-inter-level travel time spent in this place.
 C = Inter-level travel time spent in this place.
 D = Time resting spent in this place.
 E = Time spent auto-exploring this place.
 F = Levels seen in this place.
 G = Mean time per level.
                   A        B        C        D        E       F      G
               +--------+--------+--------+--------+--------+-----+--------+
         Total |   5634 |   5168 |    466 |    588 |   3612 |   8 |  704.2 |
       Dungeon |   5250 |   4800 |    450 |    588 |   3470 |   6 |  875.0 |
        Temple |     16 |      1 |     15 |      0 |      0 |   1 |   16.0 |
       Ossuary |    367 |    367 |      0 |      0 |    142 |   1 |  367.0 |
               +--------+--------+--------+--------+--------+-----+--------+

Top non-repeatable levels by time:
     D:4: 1390 daAuts
     D:5: 1184 daAuts
     D:3: 1039 daAuts
     D:1: 817 daAuts
     D:2: 627 daAuts
 Ossuary: 367 daAuts
     D:6: 190 daAuts
  Temple: 16 daAuts
